 Dungeon Crawl Stone Soup version 0.16.1-11-g651b585 (webtiles) character file.

28961 xsansara the Bewitcher (level 13, -11/69 HPs)
             Began as a Spriggan Enchanter on Apr 2, 2015.
             Was a High Priest of Nemelex Xobeh.
             Mangled by a white ugly thing (34 damage)
             ... summoned by the player character
             ... on level 6 of the Lair of Beasts on Apr 3, 2015.
             The game lasted 01:33:27 (19615 turns).

xsansara the Bewitcher (Spriggan Enchanter)        Turns: 19615, Time: 01:33:27

Health: -11/69     AC:  5    Str:  2    XL:     13   Next: 12%
Magic:  21/31      EV: 32    Int: 21    God:    Nemelex Xobeh [*****.]
Gold:   1040       SH:  0    Dex: 23    Spells: 3 memorised, 8 levels left

rFire  + . .     SeeInvis +     l - +2 dagger (venom)
rCold  . . .     Clarity  .     R - +0 robe of Edgheos {+Inv rPois Str-4 Int+4}
rNeg   . . .     SustAb   .     (shield restricted)
rPois  +         Gourm    .     g - +2 hat
rElec  .         Spirit   .     O - +0 cloak
rCorr  .         Warding  .     (gloves unavailable)
rMut   .         Stasis   .     (boots unavailable)
MR     +++..                    r - amulet of regeneration
Stlth  +++++.....               B - +6 ring of dexterity
                                s - ring of protection from fire

@: very quick, extremely resistant to hostile enchantments, quite stealthy
A: unfitting armour, see invisible, herbivore 3, speed 3, magic resistance 1,
robust 1, slow healing 1, slow metabolism 2, weak 1
a: Triple Draw, Deal Four, Stack Five, Renounce Religion, Evoke Invisibility


You were on level 6 of the Lair of Beasts.
You worshipped Nemelex Xobeh.
Nemelex Xobeh was extremely pleased with you.
You were full.

You visited 3 branches of the dungeon, and saw 16 of its levels.

You collected 1040 gold pieces.

Inventory:

Hand weapons
 a - a +1 dagger of freezing
 l - a +2 dagger of venom (weapon)
Missiles
 D - 3 throwing nets (quivered)
Armour
 g - a +2 hat (worn)
 M - the +3 robe "Garemebi" {Str+2 Dex+3}
   (You found it on level 8 of the Dungeon)

   It affects your strength (+2).
   It affects your dexterity (+3).
 O - a +0 cloak (worn)
 R - the +0 robe of Edgheos (worn) {+Inv rPois Str-4 Int+4}
   (You found it on level 2 of the Lair of Beasts)

   It affects your strength (-4).
   It affects your intelligence (+4).
   It protects you from poison.
   It lets you turn invisible.
Jewellery
 j - an uncursed ring of wizardry
 r - an amulet of regeneration (around neck)
 s - a ring of protection from fire (left hand)
 y - an uncursed ring of poison resistance
 B - a +6 ring of dexterity (right hand)
 I - an uncursed ring of flight
 K - an uncursed ring of positive energy
 Y - an uncursed ring of positive energy
Magical devices
 q - a wand of lightning (3)
 E - a wand of paralysis (9)
 S - a wand of flame (38)
Scrolls
 d - 4 scrolls of teleportation
 e - a scroll of brand weapon
 f - 3 scrolls of recharging
 m - 2 scrolls of blinking
 p - 2 scrolls of fog
 u - 5 scrolls of remove curse
 x - a scroll of fear
 N - a scroll of enchant armour
 P - a scroll of magic mapping
 V - 2 scrolls of enchant weapon
Potions
 h - 5 potions of haste
 k - a potion of invisibility
 n - a potion of flight
 t - a potion of agility
 w - 4 potions of brilliance
 z - 4 potions of curing
 C - 2 potions of heal wounds
 J - 2 potions of lignification {unknown}
 L - 2 potions of might
 Q - a potion of resistance {unknown}
Books
 c - a book of Maledictions

   Spells                             Type                      Level
   a - Corona                         Hexes                        1
   b - Sure Blade                     Hexes/Charms                 2
   c - Ensorcelled Hibernation        Hexes/Ice                    2
   d - Confuse                        Hexes                        3
   e - Dazzling Spray                 Conjuration/Hexes            3
   f - Enslavement                    Hexes                        4
Miscellaneous
 i - a plain deck of escape
 F - a legendary deck of destruction {drawn: 6}
 H - a plain deck of destruction {drawn: 1}
 T - a legendary deck of escape
 U - a plain deck of destruction
 W - an ornate deck of destruction
 X - a legendary deck of war
Comestibles
 o - 3 bread rations
 G - 2 slices of pizza


   Skills:
 + Level 5.2 Fighting
 - Level 10.1 Short Blades
 + Level 11.9 Dodging
 - Level 8.7 Stealth
 - Level 2.6 Spellcasting
 * Level 16.7 Hexes
 + Level 12.3 Evocations


You had 8 spell levels left.
You knew the following spells:

 Your Spells              Type           Power        Failure   Level  Hunger
b - Ensorcelled Hibernat  Hex/Ice        #####.       1%          2    ##.....
c - Confuse               Hex            ######..     1%          3    ###....
d - Enslavement           Hex            ######..     1%          4    ####...


Dungeon Overview and Level Annotations

Branches:
Dungeon (9/15)             Temple (1/1) D:4            Lair (6/8) D:9
  Snake (0/5) Lair:6        Slime (0/6) Lair:6
  Swamp: Lair:3-6    Shoals: Lair:3-6       Orc: D:9-12

Altars:
Ashenzari
Cheibriados
Dithmenos
Elyvilon
Fedhas
Gozag
Kikubaaqudgha
Makhleb
Nemelex Xobeh
Okawaru
Qazlal
Ru
Sif Muna
Trog
Vehumet
Xom
Yredelemnul
Zin
The Shining One


Innate Abilities, Weirdness & Mutations

You are tiny and cannot use many weapons and most armour.
You have supernaturally acute eyesight.
You are a herbivore.
You cover ground extremely quickly.
You need consume almost no food.
You are resistant to hostile enchantments.
You are robust (+10% HP).
You heal slowly when monsters are visible.
You are weak. (Str -2)


Message History

The white ugly thing is severely wounded.
The white ugly thing completely misses you.
You barely miss the white ugly thing.
The white ugly thing is severely wounded.
You barely miss the white ugly thing.
The white ugly thing is severely wounded.
The white ugly thing closely misses you.
You hit the white ugly thing.
The white ugly thing is severely wounded.
You hit the white ugly thing.
The white ugly thing is almost dead.
The white ugly thing trunk-slaps you! The white ugly thing freezes you!!
You hit the white ugly thing.
The white ugly thing is almost dead.
You feel less vulnerable to poison.
You hit the white ugly thing but do no damage.
The white ugly thing is almost dead.
The white ugly thing trunk-slaps you. The white ugly thing freezes you!!
You die...
Your body disappears without a glow.

###### ##....###
#....##.# ##......###
###......##.####
#.#..#........P#
#..#....#u#.#.P#
##...#...@..#.. .
##..##.#............
...
###..######..........
....#..#.#
####.#PP..$
......P.#######
####...
........##P#P.# ..
..#....#...#..#
##..........###
##.##.##.....#


You could see a white ugly thing.

Vanquished Creatures
  The ghost of hulla the Transmogrifier, a powerful OpTm of Makhleb (Lair:5)
  2 hydras
  The ghost of xsansara the Spear-Bearer, a powerful DrWz of Ru (Lair:2)
  2 death yaks
  The ghost of karlm the Fighter, an experienced OgHu of Trog (D:7)
  A shock serpent (Lair:1)
  An orb spider (Lair:6)
  2 black mambas (Lair:5)
  A torpor snail (Lair:5)
  4 elephants (Lair:3)
  A gargoyle (D:7)
  11 spiny frogs
  3 komodo dragons
  6 fire drakes
  A queen bee (Lair:6)
  A polar bear (Lair:2)
  9 blink frogs
  2 basilisks
  A raiju (Lair:6)
  27 yaks
  A wyvern (Lair:5)
  4 hippogriffs
  2 wolves (Lair:5)
  An insubstantial wisp (Lair:1)
  A hungry ghost (D:7)
  4 nagas (Lair:6)
  An ice beast (D:6)
  5 water moccasins
  2 orc warriors
  6 porcupines
  2 phantoms (D:9)
  2 sky beasts
  3 ogres
  A black bear (Lair:6)
  2 centaurs
  10 crocodiles
  4 giant frogs
  A scorpion (D:8)
  An electric eel (Lair:1)
  A killer bee (Lair:5)
  2 goliath beetles
  4 crimson imps
  A centaur zombie (D:8)
  A giant frog zombie (D:9)
  A giant frog skeleton (D:6)
  6 orc priests
  17 hounds
  A centaur skeleton (D:5)
  5 iguanas
  3 orc wizards (D:6)
  7 worker ants
  14 sheep
  16 adders
  2 gnolls
  38 river rats
  2 shadow imps
  A giant mite (D:3)
  5 worms
  A giant eyeball (Lair:1)
  3 giant geckos
  An ooze (D:6)
  14 orcs
  17 bats
  A bat skeleton (D:7)
  5 giant cockroaches
  5 goblins
  16 hobgoblins
  6 quokkas
  A giant gecko zombie (D:6)
  2 giant newts
  12 jackals
  11 kobolds
  11 rats
  A fungus (Lair:3)
  A plant (Lair:3)
366 creatures vanquished.

Vanquished Creatures (collateral kills)
  2 hydras
  2 death yaks (Lair:3)
  An elephant (Lair:3)
  A torpor snail (Lair:6)
  A komodo dragon (Lair:3)
  7 yaks
  5 wolves
  2 porcupines (D:9)
  A giant frog (D:9)
  A water moccasin skeleton (D:7)
  A killer bee (Lair:5)
  An orc priest (D:9)
  An orc wizard (D:9)
  2 hounds
  A jelly (D:5)
  A giant frog skeleton (D:5)
  A worker ant (D:8)
  6 sheep (Lair:2)
  3 gnolls
  14 river rats
  A shadow imp (D:5)
  An adder (Lair:1)
  An adder zombie (D:5)
  8 orcs
  2 gnoll zombies (D:5)
  A goblin (D:7)
  A kobold (D:7)
  A rat (D:9)
70 creatures vanquished.

Vanquished Creatures (others)
  A flayed ghost (Lair:2)
  A blue devil (D:9)
  2 dancing weapons (Lair:3)
  A water elemental (Lair:3)
  6 yaks
  A wolf (Lair:3)
  A hell hound (D:9)
  2 giant frogs
  2 killer bees
  An orc wizard (D:7)
  2 sheep
  2 gnolls (D:6)
  2 river rats
  2 orcs
  2 quokkas (Lair:2)
  A fungus (Lair:3)
  3 plants (D:9)
32 creatures vanquished.

Grand Total: 468 creatures vanquished

Notes
Turn   | Place    | Note
--------------------------------------------------------------
     0 | D:1      | xsansara, the Spriggan Enchanter, began the quest for the Orb.
     0 | D:1      | Reached XP level 1. HP: 9/9 MP: 4/4
   392 | D:1      | Reached XP level 2. HP: 13/13 MP: 7/7
   396 | D:1      | Learned a level 2 spell: Ensorcelled Hibernation
   440 | D:1      | Reached skill level 5 in Stealth
  1498 | D:2      | Reached XP level 3. HP: 16/16 MP: 9/9
  1553 | D:2      | Learned a level 3 spell: Confuse
  1774 | D:2      | Reached skill level 6 in Stealth
  1819 | D:2      | Reached XP level 4. HP: 14/21 MP: 5/12
  1923 | D:2      | Found a stormy altar of Qazlal.
  1933 | D:2      | Found a blossoming altar of Fedhas.
  1997 | D:2      | Gained mutation: You are robust (+10% HP). [potion of mutation]
  1997 | D:2      | Gained mutation: You are clumsy. (Dex -2) [potion of mutation]
  1997 | D:2      | Gained mutation: You heal slowly when monsters are visible. [potion of mutation]
  2185 | D:2      | Gained mutation: You are resistant to hostile enchantments. [potion of mutation]
  2185 | D:2      | Lost mutation: You are clumsy. (Dex -2) [potion of mutation]
  2185 | D:2      | Gained mutation: You are weak. (Str -2) [potion of mutation]
  2397 | D:3      | Reached skill level 5 in Hexes
  2458 | D:3      | Found a white marble altar of Elyvilon.
  2639 | D:3      | Found an ancient bone altar of Kikubaaqudgha.
  2909 | D:4      | Found an iron altar of Okawaru.
  2938 | D:4      | Reached skill level 7 in Stealth
  2965 | D:4      | Reached XP level 5. HP: 10/26 MP: 5/14
  3228 | D:4      | Noticed a sky beast
  3236 | D:4      | Killed a sky beast
  3236 | D:4      | Reached skill level 8 in Stealth
  3597 | D:4      | Found a sacrificial altar of Ru.
  3688 | D:4      | Found a shimmering altar of Xom.
  3692 | D:4      | Noticed an angel
  3695 | D:4      | Found a glowing silver altar of Zin.
  3723 | D:4      | Reached XP level 6. HP: 30/30 MP: 17/17
  3729 | D:4      | Learned a level 4 spell: Enslavement
  3755 | D:4      | Found a bloodstained altar of Trog.
  4165 | D:4      | Found a staircase to the Ecumenical Temple.
  4176 | Temple   | Entered the Ecumenical Temple
  4480 | Temple   | Became a worshipper of Nemelex Xobeh the Trickster
  4576 | D:5      | Entered Level 5 of the Dungeon
  4621 | D:5      | Received a gift from Nemelex Xobeh
  4807 | D:5      | Reached skill level 1 in Evocations
  4923 | D:5      | Reached XP level 7. HP: 35/35 MP: 7/19
  5691 | D:5      | Found a shadowy altar of Dithmenos.
  5692 | D:5      | Found an opulent altar of Gozag.
  5740 | D:6      | Received a gift from Nemelex Xobeh
  6418 | D:6      | Reached skill level 5 in Evocations
  6555 | D:6      | Reached XP level 8. HP: 39/39 MP: 14/21
  7161 | D:7      | Noticed karlm's ghost (experienced OgHu)
  7377 | D:7      | Killed karlm's ghost
  7377 | D:7      | Reached skill level 5 in Short Blades
  7377 | D:7      | Reached skill level 9 in Hexes
  7419 | D:7      | Received a gift from Nemelex Xobeh
  7546 | D:7      | Reached XP level 9. HP: 22/42 MP: 21/24
  7755 | D:7      | Found a deep blue altar of Sif Muna.
  8419 | D:7      | Noticed a gargoyle
  8424 | D:7      | Killed a gargoyle
  8611 | D:8      | Reached skill level 10 in Hexes
  8688 | D:8      | Received a gift from Nemelex Xobeh
  9241 | D:8      | Got a smoking robe
  9252 | D:8      | Identified the +3 robe "Garemebi" {Str+2 Dex+3} (You found it on level 8 of the Dungeon)
  9561 | D:8      | Received a gift from Nemelex Xobeh
  9987 | D:9      | Reached skill level 10 in Evocations
 10456 | D:9      | Reached skill level 11 in Hexes
 10456 | D:9      | Reached XP level 10. HP: 48/48 MP: 21/27
 10812 | D:9      | Acquired Nemelex Xobeh's first power
 10812 | D:9      | Received a gift from Nemelex Xobeh
 10812 | D:9      | Found a staircase to the Lair.
 11292 | Lair:1   | Entered Level 1 of the Lair of Beasts
 11298 | Lair:1   | Reached skill level 12 in Hexes
 11331 | Lair:1   | Reached skill level 10 in Short Blades
 11374 | Lair:1   | Received a gift from Nemelex Xobeh
 11535 | Lair:1   | Received a gift from Nemelex Xobeh
 11639 | Lair:1   | HP: 1/48 [insubstantial wisp[the player character] (8)]
 11984 | Lair:1   | Reached skill level 5 in Dodging
 11988 | Lair:1   | Reached skill level 13 in Hexes
 12221 | Lair:1   | Acquired Nemelex Xobeh's second power
 12222 | Lair:1   | Noticed a four-headed hydra
 12226 | Lair:1   | Noticed a great orb of eyes
 12226 | Lair:1   | a four-headed hydra changed into a great orb of eyes
 12227 | Lair:1   | Noticed a shock serpent
 12227 | Lair:1   | a great orb of eyes changed into a shock serpent
 12236 | Lair:1   | Killed a shock serpent
 12236 | Lair:1   | Reached XP level 11. HP: 22/51 MP: 28/28
 12236 | Lair:1   | HP: 2/51 [something (20)]
 13163 | Lair:2   | Noticed xsansara's ghost (powerful DrWz)
 13364 | Lair:2   | Killed xsansara's ghost
 13416 | Lair:2   | Reached skill level 14 in Hexes
 13574 | Lair:2   | Reached skill level 1 in Fighting
 13867 | Lair:2   | Received a gift from Nemelex Xobeh
 14168 | Lair:2   | Noticed a four-headed hydra
 14189 | Lair:2   | Killed a four-headed hydra
 14563 | Lair:2   | Got an ichor-stained robe
 14574 | Lair:2   | Identified the +0 robe of Edgheos {+Inv rPois Str-4 Int+4} (You found it on level 2 of the Lair of Beasts)
 15367 | Lair:3   | Received a gift from Nemelex Xobeh
 15570 | Lair:3   | Noticed a death yak
 15571 | Lair:3   | Noticed a death yak
 15576 | Lair:3   | Noticed a death yak
 15587 | Lair:3   | Killed a death yak
 15587 | Lair:3   | Reached skill level 10 in Dodging
 15587 | Lair:3   | Reached skill level 15 in Hexes
 15591 | Lair:3   | Reached XP level 12. HP: 59/61 MP: 20/29
 15600 | Lair:3   | Killed a death yak
 15600 | Lair:3   | Killed a death yak
 15730 | Lair:3   | Noticed an eight-headed hydra
 15745 | Lair:3   | Killed an eight-headed hydra
 16484 | Lair:4   | Received a gift from Nemelex Xobeh
 16953 | Lair:4   | Received a gift from Nemelex Xobeh
 17117 | Lair:4   | Acquired Nemelex Xobeh's third power
 17691 | Lair:5   | Received a gift from Nemelex Xobeh
 17873 | Lair:5   | Noticed hulla's ghost (powerful OpTm)
 17899 | Lair:5   | Killed hulla's ghost
 18044 | Lair:5   | Reached skill level 16 in Hexes
 18626 | Lair:5   | Received a gift from Nemelex Xobeh
 19112 | Lair:6   | Found a staircase to the Snake Pit.
 19346 | Lair:6   | Reached skill level 5 in Fighting
 19362 | Lair:6   | Found a staircase to the Slime Pits.
 19417 | Lair:6   | Reached XP level 13. HP: 62/69 MP: 11/31
 19564 | Lair:6   | Noticed an eight-headed hydra
 19570 | Lair:6   | Killed an eight-headed hydra
 19581 | Lair:6   | Noticed a six-headed hydra
 19591 | Lair:6   | Killed a six-headed hydra
 19615 | Lair:6   | Mangled by a white ugly thing

Action                   |  1- 3 |  4- 6 |  7- 9 | 10-12 | 13-15 || total
-------------------------+-------+-------+-------+-------+-------++-------
Melee: Dagger            |   121 |   157 |   386 |   930 |    27 ||  1621
 Cast: Ensorcelled Hiber |     6 |     3 |       |       |       ||     9
       Confuse           |     5 |    14 |    53 |   117 |     5 ||   194
       Enslavement       |       |       |    12 |    31 |       ||    43
 Abil: Evoke Invisibilit |       |       |       |     1 |       ||     1
Evoke: Deck              |       |     1 |    10 |    45 |    11 ||    67
       Phantom mirror    |       |       |       |     1 |       ||     1
  Use: Scroll            |     2 |     4 |    11 |    12 |       ||    29
       Potion            |       |     2 |       |     1 |       ||     3
 Stab: Sleeping          |    11 |    21 |    20 |    30 |       ||    82
       Confused          |     3 |     6 |    30 |    69 |     4 ||   112
       Distracted        |       |       |     3 |     6 |       ||     9
       Invisible         |       |       |       |     6 |       ||     6
  Eat: Bread ration      |       |     1 |     2 |     2 |       ||     5
       Pizza             |       |       |     3 |     2 |       ||     5
       Fruit             |       |       |     3 |     4 |       ||     7
       Royal jelly       |       |       |       |     2 |       ||     2
